 Dungeon Crawl Stone Soup version 0.30.1-11-g7821555f0a (webtiles) character file.

Game seed: 15475307816898525395

45737 Eitelfritz the Impaler (level 14, -11/111 HPs)
             Began as a Merfolk Gladiator on Jan 12, 2024.
             Was an Elder of Dithmenos.
             Mangled by a hell knight
             ... wielding a +4 halberd
              (13 damage)
             ... on level 3 of the Abyss.
             The game lasted 00:49:10 (13436 turns).

Eitelfritz the Impaler (Merfolk Gladiator)         Turns: 13436, Time: 00:49:10

Health: -11/111    AC: 17    Str: 18    XL:     14   Next: 34%
Magic:  22/22      EV: 28    Int: 11    God:    Dithmenos [****..]
Gold:   819        SH:  0    Dex: 16    Spells: 11/24 levels left

rFire   . . .        a - +9 trident of Otod {freeze, Str+3}
rCold   . . .        (no shield)
rNeg    . . .        T - +0 acid dragon scales
rPois   .            c - +2 helmet
rElec   .            o - +2 cloak {Stlth+}
rCorr   +            H - +0 pair of gloves {hurl}
SInv    .            O - +1 pair of boots {Stlth+}
Will    +....        y - amulet of regeneration
Stlth   ++++++++++   L - +5 ring of evasion
HPRegen 1.18/turn    v - +5 ring of evasion
MPRegen 0.18/turn

%: no passive effects
@: wreathed by umbra
A: (nimble swimmer 2), mertail
a: Renounce Religion, Shadow Step


You were on level 3 of the Abyss.
You worshipped Dithmenos.
Dithmenos was greatly pleased with you.
You visited 2 branches of the dungeon, and saw 14 of its levels.
You visited the Abyss 1 time.
You also visited: Sewer and Bailey.

You collected 2530 gold pieces.
You spent 1711 gold pieces at shops.

Inventory:

Hand Weapons
 a - the +9 trident of Otod (weapon) {freeze, Str+3}
   (You acquired it on level 3 of the Dungeon)

   Str:       It affects your strength (+3).
 b - a +1 longbow of draining
Missiles
 d - 3 throwing nets (quivered)
 e - a javelin
 f - 43 poisoned darts
 n - 10 boomerangs
Armour
 c - a +2 helmet (worn)
 h - a +1 pair of boots of flying
 o - a +2 cloak of stealth (worn)
 z - the +1 Delatra's gloves {ID++}
   (You found it on level 3 of the Dungeon)

   ID++:      It heals its wearer when they drink unknown potions, and restores
   their MP when they read unknown scrolls.
 D - a +0 troll leather armour
 H - a +0 pair of gloves of hurling (worn)
 O - a +1 pair of boots of stealth (worn)
 T - +0 acid dragon scales (worn)
 W - a +2 leather armour of poison resistance
Jewellery
 v - a +5 ring of evasion (right hand)
 y - an amulet of regeneration (around neck)
 L - a +5 ring of evasion (left hand)
 P - an amulet of faith
 U - a ring of wizardry
Wands
 g - a wand of flame (19)
 C - a wand of iceblast (11)
 Q - a wand of mindburst (8)
 S - a wand of charming (6)
Scrolls
 j - 3 scrolls of silence
 k - a scroll of vulnerability
 l - a scroll of summoning
 r - 2 scrolls of fog
 s - 4 scrolls of fear
 t - a scroll of immolation
 E - 3 scrolls of teleportation
 I - 2 scrolls of poison
 J - 2 scrolls of magic mapping
 M - 3 scrolls of amnesia
Potions
 i - 6 potions of heal wounds
 m - 7 potions of curing
 p - 3 potions of invisibility
 q - 4 potions of mutation
 u - 3 potions of brilliance
 w - 2 potions of attraction
 x - 7 potions of flight
 A - 6 potions of magic
 B - 2 potions of haste
 F - a potion of berserk rage
 G - 3 potions of resistance
 K - a potion of might
 N - 3 potions of cancellation
 R - a potion of lignification
 V - a potion of ambrosia


   Skills:
 + Level 10.8 Fighting
 + Level 16.4 Polearms
 + Level 2.2 Throwing
 + Level 5.1 Armour
 + Level 11.7 Dodging
 + Level 12.0 Stealth
 + Level 5.5 Spellcasting
 + Level 2.4 Hexes
 + Level 4.3 Summonings
 + Level 6.5 Ice Magic
 + Level 2.7 Invocations


You had 11 spell levels left.
You knew the following spells:

 Your Spells              Type           Power      Damage    Failure   Level
a - Freeze                Ice            68%        1d8       1%          1
b - Call Imp              Summ           24%        N/A       6%          2
c - Ensorcelled Hibernat  Hex/Ice        24%        N/A       6%          2
d - Frozen Ramparts       Ice            34%        1d6       5%          3
e - Ozocubu's Armour      Ice            17%        N/A       5%          3
f - Passwall              Tmut/Erth      2%         N/A       36%         2

Your spell library contained the following spells:

 Spells                   Type           Power      Damage    Failure   Level
 Hailstorm                Conj/Ice       10%        3d5       21%         3
 Magic Dart               Conj           12%        1d3       26%         1
 Sublimation of Blood     Necr           3%         N/A       36%         2
 Wereblood                Tmut           3%         N/A       36%         2
 Inner Flame              Hex/Fire       5%         N/A       43%         3
 Mephitic Cloud           Conj/Pois/Air  3%         N/A       61%         3
 Swiftness                Air            3%         N/A       61%         3
 Metabolic Englaciation   Hex/Ice        6%         N/A       75%         5
 Yara's Violent Unravell  Hex/Tmut       2%         3d3       99%         5
 Simulacrum               Ice/Necr       5%         N/A       100%        6
 Enfeeble                 Hex            4%         N/A       100%        7
 Summon Hydra             Summ           6%         N/A       100%        7


Dungeon Overview and Level Annotations

Branches:
Dungeon (15/15)            Temple (1/1) D:7            Lair (0/5) D:11
    Orc (0/2) D:11         Depths (0/4) D:15          Sewer (visited)
 Bailey (visited)
 Vaults: D:13-14

Altars:
Ashenzari
Cheibriados
Dithmenos
Elyvilon
Fedhas
Gozag
Hepliaklqana
Kikubaaqudgha
Makhleb
Nemelex Xobeh
Okawaru
Qazlal
Ru
Sif Muna
Trog
Uskayaw
Vehumet
Wu Jian
Xom
Yredelemnul
Zin
The Shining One

Shops:
D:2 ?   D:3 ?   D:15 :?[


Innate Abilities, Weirdness & Mutations

((You are very nimble when in or above water. (Stealth+, EV+, Speed+++)))
Your lower body shifts to a powerful aquatic tail in water.


Message History

The hell knight completely misses you.
The hell knight hits you but does no damage.
The hell knight attacks as you move away!
The hell knight completely misses you. The hell knight misses you.
The hell knight hits you from afar with a +4 halberd.
The hell knight attacks as you move away!
The hell knight hits you with a +4 heavy great mace!!!
* * * LOW HITPOINT WARNING * * *
The hell knight completely misses you.
The hell knight attacks as you move away!
The hell knight misses you.
The necromancer mumbles some strange words.
The necromancer binds the souls of nearby monsters.
A hell knight comes into view. It is wielding a +0 long sword.
The necromancer mumbles some strange words.
The necromancer binds the souls of nearby monsters.
The hell knight completely misses you.
A thrashing horror comes into view.
The hell knight utters an invocation to its god.
The hell knight blinks!
The hell knight mumbles some strange prayers to its god.
The hell knight seems to speed up.
The necromancer mumbles some strange words.
The necromancer binds the souls of nearby monsters.
The hell knight misses you.
The necromancer casts a spell.
The necromancer binds the souls of nearby monsters.
The hell knight hits you with a +4 heavy great mace!!
* * * LOW HITPOINT WARNING * * *
The thrashing horror roars!
You hear a horrible gurgling sound!
Unknown command.
The hell knight invokes the aid of its god against you.
The bolt of fire hits the hell knight.
The hell knight completely resists.
The bolt of fire hits you!!
* * * LOW HITPOINT WARNING * * *
The thrashing horror tramples you.
* * * LOW HITPOINT WARNING * * *
You stumble backwards!
The hell knight completely misses you.
The hell knight hits you from afar with a +4 halberd!
You die...

#. #..#.... ...
#..##.#........#
#...#.....##.#
##..........##
##...p#...#.#.#
. #....p..#.#..#
.#
#....##..#...#
#.# #.#.#
##ppp.## ...#
#... #.###@.#..#
#... #.. ##X.#
..## #.# ##...#


ยงยง .. ..#..# #.. .## .# #. #. # # You could see 3 hell knights, a thrashing
horror and 2 necromancers.

Vanquished Creatures
  A stone giant (D:15)
  A centaur warrior (D:15)
  2 ogre magi (D:15)
  A catoblepas (D:15)
  A boulder beetle (D:15)
  5 two-headed ogres
  3 tengu warriors (D:15)
  2 skeletal warriors (D:15)
  A wizard (D:15)
  An orc knight (Bailey)
  4 manticores
  A cyclops (D:12)
  4 slime creatures (D:12)
  A kobold demonologist (D:8)
  A komodo dragon (D:12)
  An efreet (D:15)
  An unseen horror (D:11)
  A yaktaur (shapeshifter) (D:15)
  4 trolls
  Prince Ribbit (D:7)
  A blink frog (shapeshifter) (D:15)
  The ghost of Nimbul the Grasshopper, an amateur VSWr (D:5)
  A shadow (D:11)
  2 wraiths
  A wyvern (D:9)
  A steam dragon (D:6)
  22 yaks
  3 acid dragons (D:9)
  A water moccasin (D:9)
  Duvessa (D:7)
  12 orc warriors
  An ice beast (D:5)
  3 sky beasts
  10 ogres
  7 centaurs
  A phantom (D:7)
  3 kobold brigands
  2 gnoll sergeants
  3 bullfrogs
  A scorpion (D:5)
  9 wights
  Dowan (D:7)
  19 killer bees
  7 howler monkeys
  A jelly (D:8)
  6 hounds
  8 orc priests
  Ijyb (D:3)
  4 iguanas
  3 orc wizards
  A bullfrog simulacrum (D:5)
  A centaur simulacrum (D:5)
  14 adders
  12 gnolls
  2 river rats (Sewer)
  2 hound simulacra (D:5)
  A howler monkey simulacrum (D:5)
  3 white imps
  3 ufetubi
  2 worms
  A dart slug (D:4)
  33 orcs
  9 endoplasms
  4 giant cockroaches
  14 goblins
  8 hobgoblins
  13 jackals
  7 quokkas
  20 ball pythons
  8 bats
  2 frilled lizards
  41 kobolds
  26 rats
400 creatures vanquished.

Vanquished Creatures (collateral kills)
  A skeletal warrior (D:15)
1 creature vanquished.

Vanquished Creatures (others)
  4 starspawn tentacles (Abyss:2)
4 creatures vanquished.

Grand Total: 405 creatures vanquished

Notes
Turn   | Place    | Note
-------+----------+-------------------------------------------
     0 | D:1      | Eitelfritz the Merfolk Gladiator began the quest for the
                  | Orb.
     0 | D:1      | Reached XP level 1. HP: 16/16 MP: 1/1
   151 | D:1      | Reached XP level 2. HP: 22/22 MP: 2/2
   387 | D:1      | Reached XP level 3. HP: 28/28 MP: 3/3
   489 | D:1      | Found a faded altar of an unknown god.
  1029 | D:2      | Reached skill level 5 in Polearms
  1269 | D:2      | Reached XP level 4. HP: 26/34 MP: 4/4
  1325 | D:2      | Reached skill level 1 in Stealth
  1572 | D:2      | Found Geestrudu's Magic Scroll Boutique.
  1576 | D:2      | Bought a scroll of identify for 24 gold pieces
  1576 | D:2      | Bought a scroll of immolation for 48 gold pieces
  1576 | D:2      | Bought a scroll of identify for 24 gold pieces
  1631 | D:2      | Found an ornate altar of the Wu Jian Council.
  1869 | D:3      | Reached XP level 5. HP: 37/39 MP: 5/5
  2127 | D:3      | Reached skill level 6 in Polearms
  2147 | D:3      | Reached skill level 5 in Dodging
  2152 | D:3      | Learned a level 1 spell: Freeze
  2166 | D:3      | Noticed Ijyb
  2195 | D:3      | Reached skill level 1 in Armour
  2372 | D:3      | Found the +1 Delatra's gloves {ID++}
  2569 | D:3      | Killed Ijyb
  2570 | D:3      | Reached XP level 6. HP: 36/46 MP: 6/6
  2681 | D:3      | Found an opulent altar of Gozag.
  2739 | D:3      | Found Suab's Magic Scroll Boutique.
  2747 | D:3      | Bought a scroll of teleportation for 39 gold pieces
  2747 | D:3      | Bought a scroll of identify for 26 gold pieces
  3092 | D:3      | Identified 2 scrolls of acquirement
  3092 | D:3      | Acquired the +9 trident of Otod {freeze, Str+3}
  3104 | D:3      | Learned a level 2 spell: Call Imp
  3104 | D:3      | Acquired 990 gold pieces
  3250 | D:3      | Bought a scroll of vulnerability for 52 gold pieces
  3250 | D:3      | Bought a scroll of summoning for 123 gold pieces
  3250 | D:3      | Bought a scroll of acquirement for 676 gold pieces
  3250 | D:3      | Bought a scroll of fog for 52 gold pieces
  3250 | D:3      | Acquired a +1 cloak of stealth
  3437 | D:4      | Found an iron altar of Okawaru.
  3486 | D:4      | Reached skill level 7 in Polearms
  3900 | D:5      | Entered Level 5 of the Dungeon
  4005 | D:5      | Found a runed translucent gate.
  4005 | D:5      | Found a runed translucent gate.
  4005 | D:5      | Found a runed translucent gate.
  4037 | D:5      | Reached skill level 1 in Ice Magic
  4037 | D:5      | Reached XP level 7. HP: 52/52 MP: 7/7
  4042 | D:5      | Found a glowing drain.
  4077 | Sewer    | Entered a sewer
  4205 | Sewer    | Reached skill level 1 in Spellcasting
  4732 | D:5      | Noticed Nimbul's ghost (amateur VSWr)
  5356 | D:5      | Reached skill level 8 in Polearms
  5356 | D:5      | Reached XP level 8. HP: 51/60 MP: 10/10
  5361 | D:5      | Killed Nimbul's ghost
  5494 | D:2      | Bought a scroll of enchant armour for 90 gold pieces
  5494 | D:2      | Bought a scroll of identify for 24 gold pieces
  5494 | D:2      | Bought a scroll of identify for 24 gold pieces
  5604 | D:6      | Reached skill level 9 in Polearms
  5751 | D:6      | Reached skill level 5 in Fighting
  5765 | D:6      | Reached skill level 10 in Polearms
  5802 | D:6      | Reached XP level 9. HP: 68/68 MP: 11/11
  5949 | D:6      | Noticed a troll
  5956 | D:6      | Killed a troll
  6225 | D:6      | Reached skill level 11 in Polearms
  6521 | D:7      | Reached skill level 5 in Stealth
  6533 | D:7      | Found an ancient bone altar of Kikubaaqudgha.
  6579 | D:7      | Found a flagged portal.
  6736 | D:7      | Noticed Prince Ribbit
  6740 | D:7      | Found a staircase to the Ecumenical Temple.
  6753 | D:7      | Killed Prince Ribbit
  6783 | Bailey   | Entered a bailey
  6802 | Bailey   | Noticed an orc knight
  6995 | Bailey   | Reached skill level 12 in Polearms
  7003 | Bailey   | Reached XP level 10. HP: 76/77 MP: 12/12
  7019 | Bailey   | Killed an orc knight
  7231 | D:7      | Noticed Duvessa
  7231 | D:7      | Noticed Dowan
  7242 | D:7      | Killed Duvessa
  7243 | D:7      | Killed Dowan
  7318 | D:7      | Found a shadowy altar of Dithmenos.
  7320 | D:7      | Found a radiant altar of Vehumet.
  7406 | D:7      | Reached skill level 13 in Polearms
  7841 | Temple   | Entered the Ecumenical Temple
  7850 | Temple   | Learned a level 2 spell: Ensorcelled Hibernation
  7895 | D:7      | Became a worshipper of Dithmenos the Shadowed
  8025 | D:8      | Noticed a manticore
  8035 | D:8      | Killed a manticore
  8414 | D:8      | Noticed a kobold demonologist
  8426 | D:8      | Killed a kobold demonologist
  8653 | D:9      | Reached * piety under Dithmenos
  8857 | D:9      | Reached XP level 11. HP: 77/86 MP: 13/13
  9120 | D:9      | Reached skill level 14 in Polearms
  9157 | D:9      | Noticed a two-headed ogre
  9169 | D:9      | Killed a two-headed ogre
  9474 | D:9      | Reached XP level 12. HP: 94/94 MP: 13/16
  9479 | D:9      | Learned a level 3 spell: Frozen Ramparts
  9483 | D:9      | Learned a level 3 spell: Ozocubu's Armour
  9483 | D:9      | Reached skill level 15 in Polearms
  9483 | D:9      | Reached skill level 10 in Dodging
  9483 | D:9      | Reached skill level 5 in Ice Magic
  9483 | D:9      | Reached XP level 13. HP: 101/101 MP: 14/18
  9559 | D:10     | Entered Level 10 of the Dungeon
  9575 | D:10     | Reached skill level 10 in Stealth
  9597 | D:10     | Reached ** piety under Dithmenos
 10634 | D:11     | Found a staircase to the Orcish Mines.
 10660 | D:11     | Reached *** piety under Dithmenos
 11023 | D:11     | Found a staircase to the Lair.
 11305 | D:12     | Identified the -1 pair of boots of the Vestibule of Hell
                  | {Will+ Int+3}
 11734 | D:12     | Reached skill level 10 in Fighting
 11961 | D:12     | HP: 4/103 [skeletal warrior/+0 short sword (19)]
 12087 | D:12     | Reached skill level 16 in Polearms
 12142 | D:12     | Learned a level 2 spell: Passwall
 12147 | D:12     | You fall into a shaft and drop 3 floors!
 12147 | D:15     | Entered Level 15 of the Dungeon
 12212 | D:15     | Found Wannab's Book Shoppe.
 12244 | D:15     | Reached skill level 5 in Spellcasting
 12261 | D:15     | Reached XP level 14. HP: 104/111 MP: 18/21
 12348 | D:15     | Found Path's Magic Scroll Emporium.
 12363 | D:15     | Reached **** piety under Dithmenos
 12370 | D:15     | Bought a scroll of identify for 30 gold pieces
 12370 | D:15     | Bought a scroll of identify for 30 gold pieces
 12385 | D:15     | Found Roash's Antique Armour Boutique.
 12388 | D:15     | Bought a pair of glowing gloves for 232 gold pieces
 12388 | D:15     | Bought a runed hat for 217 gold pieces
 12442 | D:15     | Reached skill level 5 in Armour
 12525 | D:15     | Found a white marble altar of Elyvilon.
 12687 | D:15     | Found a staircase to the Depths.
 12687 | D:15     | Noticed a stone giant
 12702 | D:15     | Killed a stone giant
 12978 | Abyss:2  | Cast into level 2 of the Abyss (a wizard)
 13014 | Abyss:2  | Found an ornate altar of the Wu Jian Council.
 13021 | Abyss:2  | Found an ornate altar of the Wu Jian Council.
 13021 | Abyss:2  | Found an ornate altar of the Wu Jian Council.
 13163 | Abyss:2  | Found a corrupted altar of Lugonu.
 13189 | Abyss:2  | Found a corrupted altar of Lugonu.
 13235 | Abyss:2  | Noticed a tentacled starspawn
 13262 | Abyss:2  | Noticed a starcursed mass
 13265 | Abyss:2  | Noticed a tentacled starspawn
 13339 | Abyss:2  | Noticed a red very ugly thing
 13386 | Abyss:3  | Noticed a red very ugly thing
 13436 | Abyss:3  | HP: 4/111 [hell knight/bolt of fire (19)]
 13436 | Abyss:3  | Mangled by a hell knight

Illustrated notes

Levels and vault maps discovered:
D:1:      ncdulo_lavacross, layout_loops_ring,
          dreamdust_ecumenical_altar_angels_and_demons, minmay_pentomino_p2
D:2:      layout_loops_corners, serial_shops, shop, basic_altar,
          minmay_snake_closets
D:3:      kennysheep_the_goblin_king, layout_basic,
          nicolae_overflow_hidden_temple, serial_shops, shop,
          pf_guarded_unrand_delatra
D:4:      layout_loops_ring, okawaru_trees_1
D:5:      layout_loops_corners, portal_sewer_entry_d, gammafunk_ghost_icy,
          uniq_ijyb
D:6:      layout_loops_ring
D:7:      layout_loops_corners, jmf_multi_god_temple, old_standard_altar,
          minmay_temple_entry_grid, enter_bailey_8, uniq_prince_ribbit1,
          uniq_duvessa
D:8:      layout_basic
D:9:      layout_irregular_city
D:10:     layout_irregular_city
D:11:     layout_irregular_city, lair_entry_dummy, minmay_orc_entry_temple_small
D:12:     layout_grid_maze
D:15:     grunt_enter_depths_snipers, layout_loops_ring, elyvilon_altar_3,
          serial_shops, nicolae_shop_real_fake_doors,
          nicolae_shop_tiny_real_fake_doors, shop
Temple:   sentei_temple_godly_chess
Abyss:3:  base: D:6, hangedman_relentless_pull, hangedman_shadowy_showcase

Skill      XL: |  1  2  3  4  5  6  7  8  9 10 11 12 13 14 |
---------------+-------------------------------------------+-----
Polearms       | 5 6 7 8 10 12 13 14 15 16 | 16.4
Stealth        | 1 2 3 4 5 8 9 11 12 | 12.0
Dodging        | 5 6 7 8 9 10 11 | 11.7
Armour         | 1 2 3 4 5 |  5.1
Fighting       | 3 4 5 6 7 8 9 10 | 10.8
Ice Magic      | 1 3 5 6 |  6.5
Spellcasting   | 1 2 3 5 |  5.5
Hexes          | 2 |  2.4
Summonings     | 2 3 4 |  4.3
Invocations    | 2 |  2.7
Throwing       | |  2.2

Action                     |  1- 3 |  4- 6 |  7- 9 | 10-12 | 13-15 || total
---------------------------+-------+-------+-------+-------+-------++-------
  Melee: Trident           |   150 |   200 |   252 |   252 |   399 ||  1253
         Punch             |       |     2 |     4 |     2 |     5 ||    13
   Cast: Freeze            |       |     8 |    11 |     1 |       ||    20
         Call Imp          |       |       |       |     1 |    17 ||    18
         Frozen Ramparts   |       |       |       |       |    12 ||    12
    Use: Scroll            |       |    17 |     7 |     3 |     5 ||    32
         Potion            |       |       |       |     4 |     1 ||     5
   Stab: Sleeping          |     4 |    11 |    12 |    13 |    29 ||    69
         Distracted        |       |       |     1 |       |     7 ||     8
 Armour: Leather armour    |    46 |    69 |   117 |    38 |       ||   270
         Acid dragon scale |       |       |       |     4 |    47 ||    51
  Dodge: Dodged            |   108 |   135 |   205 |   165 |   361 ||   974
